Cogmind - Beta 15 @@@ ROGUE MODE // 2025.06.07 @ 23:32:07 // Winter2022/Polymind Player: Epsilon 11 Result: Destroyed by 6H-50C(R) with Subdweller Laser Performance ------------- Evolutions (0) 0 Regions Visited (4) 800 Robots Destroyed (11) 55 Value Destroyed (303) 303 Prototype IDs (2) 40 Alien Tech Used (0) 0 Bonus (1290) 1290 TOTAL SCORE: 2348 Bonus ------- Polymind Skill 1290 Cogmind --------- Core Integrity 0/250 Matter 0/0 Energy 18/100 System Corruption 0% Temperature Cool (6) Movement Core (50) Location -9/Scraptown Parts ------- > --- POWER (1) -------- (None) > --- PROPULSION (1) --- (None) > --- UTILITY (4) ------ (None) > --- WEAPON (1) ------- (None) > --- INVENTORY (0) ---- (None) Peak State ------------ > --- POWER ------------ Subdweller Power Source > --- PROPULSION ------- Subdweller Monowheel > --- UTILITY ---------- Disposable Heat Sink Subdweller Optics Scrap Shield > --- WEAPON ----------- Subdweller Machine Gun > --- INVENTORY -------- Scrap Shield Fragment [Rating: 14] Favorites ----------- Power Subdweller Power Source Engine Subdweller Power Source Propulsion Aluminum Leg Leg Aluminum Leg Wheel Subdweller Monowheel Utility Disposable Heat Sink Device Disposable Heat Sink Protection Scrap Shield Weapon Small Laser Energy Gun Small Laser Ballistic Gun Subdweller Machine Gun Build | -11 -10 -10 -9 -9 ------- Run | Yrd Mat Sub Rec Scr Slots Evolved . | . . . . . Power . | . . . . . Propulsion . | . . . . . Utility . | . . . . . Weapon . | . . . . . Parts Attached . | . . . . . Power . | . . . . . Engine . | . . . . . Core . | . . . . . Reactor . | . . . . . Propulsion . | . . . . . Treads . | . . . . . Leg . | . . . . . Wheel . | . . . . . Hover . | . . . . . Flight . | . . . . . Utility . | . . . . . Device . | . . . . . Storage . | . . . . . Processor . | . . . . . Hackware . | . . . . . Protection . | . . . . . Artifact . | . . . . . Weapon . | . . . . . Energy Gun . | . . . . . Energy Cannon . | . . . . . Ballistic Gun . | . . . . . Ballistic Cannon . | . . . . . Launcher . | . . . . . Special Weapon . | . . . . . Impact Weapon . | . . . . . Slashing Weapon . | . . . . . Piercing Weapon . | . . . . . Special Melee Weapon . | . . . . . Unidentified Prototypes . | . . . . . Parts Lost 6 | . 1 5 . . Power . | . . . . . Propulsion 3 | . 1 2 . . Utility 2 | . . 2 . . Weapon 1 | . . 1 . . Highest Loss Streak 2 | . 1 2 . . To Critical Strikes 2 | . . 2 . . Average Backups . | . . . . . Power . | . . . . . Propulsion . | . . . . . Utility . | . . . . . Weapon . | . . . . . Tool/Special . | . . . . . Unused Backups . | . . . . . Power . | . . . . . Propulsion . | . . . . . Utility . | . . . . . Weapon . | . . . . . Tool/Special . | . . . . . Average Slot Usage (%) 74 | . 80 72 71 68 Engine 15 | . 18 14 14 13 Leg 12 | . 26 5 . . Wheel 6 | . . 8 14 13 Device 22 | . 18 22 28 26 Protection 1 | . . 7 . . Energy Gun 14 | . 18 8 14 13 Ballistic Gun 1 | . . 5 . . Peak Build Rating 14 | . 5 14 10 10 Average Rating 7 | . 4 9 10 9 On Entrance 4 | . . 4 10 10 Naked Turns 72 | . 40 30 . 2 Heaviest Build 30 | . 7 30 12 12 Greatest Support 20 | 3 20 20 20 3 Greatest Overweight (x) 3 | . . 3 3 3 Average Overweight (x) . | . . . 2 2 Largest Inventory Capacity 2 | . 1 2 2 2 Average Capacity 1 | . . 1 2 1 Most Carried 2 | . . 2 2 2 Average Carried . | . . . 2 1 Final Capacity 2 | . 1 2 2 . Final Carried 2 | . . 2 2 . Class Distribution -------------------- 47% | Subdweller 46% | Grunt 6% | Cogmind Dominant Class ---------------- Grunt | -10/Materials Subdweller | -10/Subcaves Subdweller | -9/Recycling Subdweller | -9/Scraptown Resources | -11 -10 -10 -9 -9 ----------- Run | Yrd Mat Sub Rec Scr Matter Collected 49 | . . 49 . . Remotely . | . . . . . Salvage Created 284 | . 227 57 . . Parts 23 | . 21 2 . . Haulers Intercepted . | . . . . . Recyclers Shooed 1 | . 1 . . . Parts Field Recycled . | . . . . . Retrieved Matter . | . . . . . Parts Self-Destructed 13 | . . 13 . . Prevented . | . . . . . Kills | -11 -10 -10 -9 -9 ------- Run | Yrd Mat Sub Rec Scr Combat Hostiles Destroyed 10 | . 9 1 . . Guns 10 | . 9 1 . . Classes Destroyed 4 | . 3 1 . . Watcher 1 | . 1 . . . Swarmer 3 | . 3 . . . Grunt 6 | . 6 . . . Subdweller 1 | . . 1 . . Best Kill Streak 6 | . 6 1 . . Combat Bots Only 5 | . 5 1 . . Max Kills in Single Turn 1 | . 1 1 . . Gunslinging . | . . . . . Exploded . | . . . . . Melee . | . . . . . Uniques/NPCs Destroyed . | . . . . . Combat | -11 -10 -10 -9 -9 -------- Run | Yrd Mat Sub Rec Scr Hostile Shots Fired 125 | . 42 82 . 1 Missed 28 | . 14 14 . . Hits 97 | . 28 68 . 1 Projectile 97 | . 28 68 . 1 Critical Strikes 3 | . . 3 . . Damage Taken 1311 | . 325 958 5 23 Core 265 | . 46 191 5 23 Absorbed by Shields . | . . . . . Core Remaining (%) 100 | 100 . . . . Volleys Fired 80 | . 53 27 . . Largest 1 | . 1 1 . . Hottest 40 | . 40 40 . . Shots Fired 79 | . 53 26 . . Gun 79 | . 53 26 . . Cannon . | . . . . . Launcher . | . . . . . Special . | . . . . . Kinetic 20 | . . 20 . . Thermal 59 | . 53 6 . . Explosive . | . . . . . Electromagnetic . | . . . . . Robot Hit Streak 21 | . 20 21 . . Robot Miss Streak 4 | . 4 4 . . Penetration Max . | . . . . . Secondary Targets . | . . . . . Shots Hit Robots 60 | . 37 23 . . Core Hits 21 | . 17 4 . . Critical Kills . | . . . . . Critical Parts Destroyed . | . . . . . Critical Strikes . | . . . . . Melee Attacks . | . . . . . Impact . | . . . . . Slashing . | . . . . . Piercing . | . . . . . Sneak Attacks . | . . . . . Combat Hostiles . | . . . . . Follow-up Attacks . | . . . . . Damage Inflicted 897 | . 444 453 . . Guns 890 | . 442 448 . . Cannons . | . . . . . Explosions . | . . . . . Melee . | . . . . . Ramming 7 | . 2 5 . . Kinetic 414 | . . 414 . . Thermal 476 | . 442 34 . . Explosive . | . . . . . Electromagnetic . | . . . . . Impact . | . . . . . Slashing . | . . . . . Piercing . | . . . . . Highest Corruption . | . . . . . Average Corruption . | . . . . . Corruption Purged . | . . . . . Corruption Blocked . | . . . . . Overload Shots . | . . . . . Overflow Damage . | . . . . . Projectiles . | . . . . . Explosions . | . . . . . Melee . | . . . . . Knockbacks . | . . . . . Impact . | . . . . . Kinetic . | . . . . . Secondary . | . . . . . Self-Inflicted Damage 1 | . . 1 . . Shots . | . . . . . Rammed 4 | . . 3 1 . Targets Rammed 5 | . 1 3 1 . Kicked 1 | . 1 . . . Crushed . | . . . . . Highest Temperature 66 | . 66 16 . . Average Temperature 25 | . 25 13 . . Received Heat Transfer 363 | . 135 222 . 6 Siege Activations . | . . . . . Martial Activations . | . . . . . Shielding Activations . | . . . . . Robots Disrupted . | . . . . . Combat Hostiles . | . . . . . Robots Corrupted . | . . . . . Combat Hostiles . | . . . . . Parts Fried . | . . . . . Impact Corruptions . | . . . . . Robots Melted . | . . . . . Combat Hostiles . | . . . . . Parts Melted 1 | . 1 . . . Heat Transferred 1025 | . 950 75 . . Parts Sabotaged . | . . . . . Parts Stolen . | . . . . . Parts Stripped . | . . . . . Power Chain Reactions . | . . . . . Alert | -11 -10 -10 -9 -9 ------- Run | Yrd Mat Sub Rec Scr Maximum Alert Level . | . . . . . Low Security (%) 100 | 100 100 . 100 . Level 1 . | . . . . . Level 2 . | . . . . . Level 3 . | . . . . . Level 4 . | . . . . . Level 5 . | . . . . . High Security . | . . . . . Max Security . | . . . . . Peak Influence 150 | . 150 . 40 . Initial . | . . . . . Average 24 | . 27 . 15 . Influence Increases 341 | . 281 . 60 . Destroy 0b10 Robot/C 180 | . 180 . . . Destroy 0b10 Robot/NC 5 | . 5 . . . Destroy Leader 52 | . 52 . . . Successful Hack 14 | . 14 . . . Select Force Hacks 90 | . 30 . 60 . Influence Decreases 341 | . 281 . 60 . Time Decay 196 | . 136 . 60 . Lost Part 10 | . 10 . . . Purge Threat 135 | . 135 . . . Squads Dispatched 3 | . 3 . . . Investigation 3 | . 3 . . . Extermination . | . . . . . Reinforcement . | . . . . . Assault . | . . . . . Garrison . | . . . . . Intercept . | . . . . . Searches Triggered . | . . . . . Construction Impeded . | . . . . . Haulers Reinforced . | . . . . . Active Scanning Responses . | . . . . . Cargo Convoy Interrupts . | . . . . . Stealth | -11 -10 -10 -9 -9 --------- Run | Yrd Mat Sub Rec Scr Distress Signals 2 | . 2 . . . Communications Jammed . | . . . . . Distress Signals . | . . . . . Times Spotted 30 | . 17 12 . 1 Peak Tracking Total 7 | . 4 7 . . Tactical Retreats . | . . . . . Traps | -11 -10 -10 -9 -9 ------- Run | Yrd Mat Sub Rec Scr Traps Triggered 2 | . 2 . . . Indirectly . | . . . . . Trap Hack Attempts . | . . . . . Triggered . | . . . . . Disarmed . | . . . . . Reprogrammed . | . . . . . Reused . | . . . . . Traps Extracted . | . . . . . Installed . | . . . . . Triggered . | . . . . . Machines | -11 -10 -10 -9 -9 ---------- Run | Yrd Mat Sub Rec Scr Machines Disabled . | . . . . . Max in Single Turn . | . . . . . Machines Repaired . | . . . . . Machines Dismantled . | . . . . . Machines Sabotaged . | . . . . . Overloaded Fab Kills . | . . . . . Hacking | -11 -10 -10 -9 -9 --------- Run | Yrd Mat Sub Rec Scr Machines Accessed 9 | . 7 . 2 . Terminals 5 | . 5 . . . Fabricators . | . . . . . Repair Stations 1 | . 1 . . . Recycling Units 3 | . 1 . 2 . Scanalyzers . | . . . . . Garrison Access . | . . . . . Total Hacks 22 | . 20 . 2 . Successful 14 | . 12 . 2 . Failed 8 | . 8 . . . Catastrophic 1 | . 1 . . . Database Lockouts . | . . . . . Manual 20 | . 18 . 2 . Terminals 17 | . 17 . . . Fabricators . | . . . . . Repair Stations 2 | . 2 . . . Recycling Units 3 | . 1 . 2 . Scanalyzers . | . . . . . Garrison Access . | . . . . . Terminal Hacks 3 | . 3 . . . Prototype ID Bank 1 | . 1 . . . Terminal Index 1 | . 1 . . . Unreport Threat 1 | . 1 . . . Fabricator Hacks . | . . . . . Repair Station Hacks . | . . . . . Recycling Unit Hacks . | . . . . . Scanalyzer . | . . . . . Garrison Access Hacks . | . . . . . Unauthorized Hacks 11 | . 9 . 2 . Terminals 7 | . 7 . . . Botnet 2 | . 2 . . . Skim 5 | . 5 . . . Fabricators . | . . . . . Repair Stations 1 | . 1 . . . Mechanics 1 | . 1 . . . Recycling Units 3 | . 1 . 2 . Tunnel 3 | . 1 . 2 . Scanalyzers . | . . . . . Garrison Access . | . . . . . Data Cores Recovered . | . . . . . Used . | . . . . . Hacking Detections 6 | . 6 . . . Full Trace Events . | . . . . . Feedback Events . | . . . . . Feedback Blocked . | . . . . . Robot Schematics Acquired . | . . . . . Robots Built . | . . . . . Authchips . | . . . . . Time . | . . . . . Total Robot Build Rating . | . . . . . Part Schematics Acquired . | . . . . . Parts Built . | . . . . . Authchips . | . . . . . Time . | . . . . . Total Part Build Rating . | . . . . . Parts Repaired . | . . . . . Time . | . . . . . Parts Recycled . | . . . . . Recycled Matter . | . . . . . Retrieved Matter . | . . . . . Retrieved Components . | . . . . . Parts Scanalyzed . | . . . . . Part Schematics Acquired . | . . . . . Parts Damaged . | . . . . . Bothacking | -11 -10 -10 -9 -9 ------------ Run | Yrd Mat Sub Rec Scr Used RIF Installer . | . . . . . Robots Hacked 1 | . 1 . . . Non-combat . | . . . . . Combat 1 | . 1 . . . Robot Hacks Applied 1 | . 1 . . . find_shortcuts 1 | . 1 . . . Relay Couplers Released . | . . . . . Fabnet Peak Effective % . | . . . . . Robots Rewired . | . . . . . Allies Hacked . | . . . . . Hacks Repelled . | . . . . . Allies | -11 -10 -10 -9 -9 -------- Run | Yrd Mat Sub Rec Scr Total Allies . | . . . . . Largest Group . | . . . . . Highest-Rated Group . | . . . . . Highest-Rated Ally . | . . . . . Total Orders . | . . . . . Ally Attacks . | . . . . . Total Damage . | . . . . . Kills . | . . . . . Allies Corrupted . | . . . . . Allies Melted . | . . . . . Intel | -11 -10 -10 -9 -9 ------- Run | Yrd Mat Sub Rec Scr Active Infowar (turns) 414 | . . 165 158 91 Optics 414 | . . 165 158 91 Robot Analysis Total 2 | . 1 1 . . Derelict Logs Recovered 3 | . . . . 3 Drone Launches . | . . . . . Drone Recoveries . | . . . . . Exploration | -11 -10 -10 -9 -9 ------------- Run | Yrd Mat Sub Rec Scr Turns Passed 1170 | 9 512 265 158 226 Spaces Moved 652 | 19 266 170 83 114 Core 285 | 19 51 27 74 114 Treads . | . . . . . Legs 263 | . 215 48 . . Wheels 104 | . . 95 9 . Hover . | . . . . . Flight . | . . . . . Fastest Speed 50 | 50 50 50 110 50 Average Speed 132 | 50 106 109 190 197 Slowest Speed 200 | 50 120 200 200 200 Overloaded Moves . | . . . . . Propulsion Burnouts . | . . . . . Robots Hopped . | . . . . . Potential Cave-ins . | . . . . . Cave-ins Triggered . | . . . . . Exploration Rate (%) 22 | 2 54 19 25 14 Regions Visited 4 Branch Regions 3 Pre-discovered Areas 7 | . 3 . 2 2 Known Exits Taken 2 | . . 1 1 . Unknown Exits Taken 2 | 1 1 . . . Scrap Searched 1 | . . 1 . . Spaces Dug . | . . . . . Terrain Destroyed . | . . . . . Melee . | . . . . . Projectile . | . . . . . AOE . | . . . . . Terrain Rammed . | . . . . . Walls Destroyed . | . . . . . Machines Disabled . | . . . . . Actions | -11 -10 -10 -9 -9 --------- Run | Yrd Mat Sub Rec Scr Total 879 | 18 441 223 83 114 Wait 141 | . 122 19 . . Move 648 | 18 265 169 82 114 Hop . | . . . . . Pick Up 1 | . . 1 . . Fast Attach . | . . . . . Attach . | . . . . . Detach . | . . . . . Swap . | . . . . . Drop 2 | . . 2 . . Fire 80 | . 53 27 . . Melee . | . . . . . Ram 4 | . . 3 1 . Kick 1 | . 1 . . . Crush . | . . . . . Escape Stasis . | . . . . . Rewire . | . . . . . Trap . | . . . . . Miscellaneous 2 | . . 2 . . Route ------- -11/Scrapyard -10/Materials (discovered 5 exits: *Mat x2 / *Min x2 / [*Sub]) -10/Subcaves (discovered 3 exits: Mat x2 / *Rec) -9/Recycling -9/Scraptown History --------- Turn | Location | Event 3 | -11/Scrapyard | Discovered new exit (range 16) 10 | -11/Scrapyard | Entered Materials 140 | -10/Materials | Discovered new exit (range 6) 225 | -10/Materials | Discovered new exit (range 12) 337 | -10/Materials | Discovered new exit (range 8) 408 | -10/Materials | Learned Storage trap positions 442 | -10/Materials | Learned location of 2 exits from Mines 467 | -10/Materials | Learned 2 Mines zone layouts 480 | -10/Materials | Learned Storage trap positions 484 | -10/Materials | Learned location of 2 exits from Subcaves 485 | -10/Materials | Learned 4 Recycling zone layouts 486 | -10/Materials | Learned 2 Storage zone layouts 487 | -10/Materials | Identified exit to Mines 487 | -10/Materials | Identified exit to Materials 495 | -10/Materials | Learned location of Subcaves (-10) 522 | -10/Materials | Entered Subcaves 523 | -10/Subcaves | Approached by a straggling Scientist 523 | -10/Subcaves | Identified exit to Recycling 524 | -10/Subcaves | Identified exit to Materials 714 | -10/Subcaves | Core integrity fell below 50% 731 | -10/Subcaves | Core integrity fell below 20% 780 | -10/Subcaves | Disturbed a concealed Subdweller 787 | -10/Subcaves | Entered Recycling 788 | -9/Recycling | Identified exit to Scraptown 899 | -9/Recycling | Scanned before Scraplab entrance 927 | -9/Recycling | Entered Scraplab 945 | -9/Recycling | Entered Scraptown 1099 | -9/Scraptown | Scanned Subdweller tech in exchange for log data 1107 | -9/Scraptown | Learned location of Testing (-2) 1109 | -9/Scraptown | Learned Research trap positions 1157 | -9/Scraptown | Visited Symbiants 1171 | -9/Scraptown | Destroyed by 6H-50C(R) with Subdweller Laser Last Messages --------------- 00949_ LOCAL NARROWCAST: Welcome to Scraptown. Please remember it is vital to either disarm yourself or ensure you are corruption-free before entering the area. Use the C-Scrubber! You bear full responsibility for any potential consequences of non-compliance. Enjoy your stay. 00951_ ANNOUNCEMENT: Unclassified nonregistered visitor in outer Scraptown, temporarily sealing HQ gate. 00971_ ANNOUNCEMENT: To all visitors: Defacing our home will be considered a hostile act, tread lightly and respect boundaries. 01036_ Sub. Optics shoots sparks and powers down. QUICKSCAN^tm: Scanned 4 Subdweller components. Printing 3 logs. 01101_ BG-ZK3(c): "Thank you! May your journeys be full of scrap!" 01105_ Acquired derelict log, extracted data. World map confirmed: -6/Extension. 01107_ Acquired derelict log, extracted data. World map updated: -2/Testing. 01109_ Acquired derelict log, extracted data. Data stored: Research trap records. 01157_ LOCAL NARROWCAST: Symbiants. The Lifeworm is out there, somewhere. 01169_ Released control of 6H-50C(R). 01171_ 6H-50C(R) reactivates. Map ----- +----------------------------------------------------+ | ????????????????????????# ???????????????????? | | ?????????????????????????# #???????????????????? | | ????????????????????#????# #########???????????? | | ????????????????????? ???# """"""""#???????????? | | ???????????????????### ### " ""#???????????? | | ???????????????????#"" """ "#???????????? | | ???????????????????#" """ " ""#???????????? | | ???????????????????#" " """"""""#???????????? | | ???????????????????#" ##"""####???????????? | | ???????????????????#" "" " ######??????????????? | | ???????????????????#" " #?""""""""""????????? | | ???????????????????#"""""" j#?""""X""""""???????? | | ???????????????????####### #?" " " ""???????? | | ?????????????????????????# #"" ""???????? | | ????????????????########## #"" ""???????? | | ?????????????? b#"" "????????? | | ?????????????? #"" ??????????? | | ????????????????########## #" ????????????? | | ????????????????????????# # ??????????????? | | ?????????????????##?##?### ### ##########??????? | | ?????????????? """" " ?# ???? | | ???????????? "$$" # jj ???? | | ???????????? # ???? | | ???????????? R ????? | | ???????????? # ????? | | ???????????? # @ ###############?????? | | ?????????????# ?# #???????????????????? | | ?????????????? ?# #???????????????????? | | ?????????????? ???# #???????????????????? | | ?????????????? ????# #???????????????????? | | ???????????????$" ?????# #???????????????????? | | ????????????????" ?????# #???????????????????? | | ???????????????????????# #???????????????????? | | ???????????????????????# #???????????????????? | | ???????????????????????# #???????????????????? | | ???????????????????????# #???????????????????? | | ???????????????????????# #???????????????????? | | ???????????????????????# #???????????????????? | | ????????????????????#??# #???????????????????? | | ????????????????????# ?# #???????????????????? | | ????????????????????# ?# #???????????????????? | | ????????????????????# # ##############??????? | | ??????????????? ##### # ?????? | | ??????????????? """ " ?????? | | ?????????????#" # ?????? | | ?????????????#"""""""" # ?????? | | ??????????????########## ?????? | | ????????????????## ?????? | | ????????????????# ?????? | | ??? """########### ??????? | +----------------------------------------------------+ Best States ------------- Heat Dissipation 25 Coolant Potential 50 Energy Generation 20 Energy Capacity 200 Matter Stores 100 Matter Capacity 100 Sight Range 19 Terrain Scan Density 10 Armor Coverage 800 Evasion (%) 55 Item Schematics ----------------- None Robot Schematics ------------------ None Fabricated ------------ Nothing Repaired ---------- Nothing Alien Tech Used ----------------- None Achievements -------------- None Challenges ------------ None Polymind | -11 -10 -10 -9 -9 ---------- Run | Yrd Mat Sub Rec Scr Hosts 3 | . 1 2 . . Combat Hostiles 3 | . 1 2 . . Allies . | . . . . . Unique Host Classes 2 | . 1 1 . . Average Host Suspicion 49 | . 99 3 39 . Unsuspicious Activity 339 | . 7 332 . . Returns to Shadow . | . . . . . Fuzzy Dispatches . | . . . . . Protomatter Created 62 | . 46 16 . . Used 81 | . 15 66 . . Decayed 32 | . 24 8 . . Highest Spend 33 | . 15 33 . . Top 5 Hosts by Kills: G-34 Mercenary (-10/Materials: 9) S0-QNQ(R) (-10/Subcaves: 1) Game ------ Seed VortexExperimentalField Manual? 0 Play Time 00:11:16 Cumulative 352.7 hours Start 2025.06.07 @ 23:21:10 End 2025.06.07 @ 23:32:07 Sessions 1 Manual Loads 0 Difficulty Rogue Special Mode Winter2022/Polymind Game No. 168 Rogue 125 Adventurer 43 Explorer 0 Win Type - Total 7 Types 4/0/1/0/0/0/0/1/0/1 Lore% 85 Gallery% 74 Achievement% 66 Wizard Run 0 Options --------- Layout 0 ASCII 0 Keyboard 0 Movement Numpad Keybinds 0 Fullscreen 1 Font 24/Smallcaps Map View 76x50 Zoom Use 0% Tactical HUD 1 Map Filters NONE Filters NONE Steam 1 RUN: 801dc810-da56-4228-b1f4-e58a021038e1